 Dungeon Crawl Stone Soup version 0.17-a0-2002-g92c7e20 (webtiles) character file.

39 tp1 the Skirmisher (level 3, -2/34 HPs)
             Began as a Gargoyle Berserker on Oct 8, 2015.
             Was a Believer of Trog.
             Slain by a worm (3 damage)
             ... on level 2 of the Dungeon.
             The game lasted 00:04:10 (1288 turns).

tp1 the Skirmisher (Gargoyle Berserker)             Turns: 1288, Time: 00:04:11

Health: -2/34      AC:  5    Str: 25    XL:     3   Next: 47%
Magic:  3/3        EV: 12    Int:  7    God:    Trog [**....]
Gold:   103        SH:  0    Dex: 10    Spells: 0 memorised, 2 levels left

rFire  . . .     SeeInvis .     g - +0 whip
rCold  . . .     Clarity  .     b - +0 animal skin
rNeg   + . .     SustAt   .     (no shield)
rPois  ∞         Gourm    .     (no helmet)
rElec  +         Spirit   .     (no cloak)
rCorr  .         Warding  .     (no gloves)
rMut   .         Stasis   .     (no boots)
MR     .....                    (no amulet)
Stlth  ..........               (no ring)
                                (no ring)

@: berserking, very quick, not resistant to hostile enchantments, extremely
unstealthy
A: negative energy resistance 1, electricity resistance, unbreathing,
petrification resistance, rot immunity, AC +3
a: Burn Spellbooks, Berserk, Trog's Hand, Renounce Religion


You were on level 2 of the Dungeon.
You worshipped Trog.
Trog was pleased with you.
You were hungry.

You visited 1 branch of the dungeon, and saw 2 of its levels.

You collected 103 gold pieces.

Inventory:

Hand Weapons
 a - a +0 hand axe
 d - a +0 mace
 g - a +0 whip (weapon)
Armour
 b - a +0 animal skin (worn)
Jewellery
 e - an uncursed ring of sustain attributes {unknown}
 h - an uncursed ring of flight {unknown}
Scrolls
 m - a scroll of identify {unknown}
 n - a scroll of amnesia {unknown}
Potions
 f - a potion of haste {unknown}
 i - a potion of heal wounds {unknown}
 k - a potion of flight {unknown}
 l - a potion of invisibility {unknown}
Comestibles
 c - a bread ration
 j - 4 beef jerkies


   Skills:
 - Level 3.2 Fighting
 - Level 2.6(3.1) Axes
 + Level 2.5(3.2) Maces & Flails
 - Level 2.1 Armour
 - Level 2.0 Dodging


You had 2 spell levels left.
You didn't know any spells.

Dungeon Overview and Level Annotations

Branches:
Dungeon (2/15)

Altars:


Innate Abilities, Weirdness & Mutations

You are resistant to torment.
Your stone body is resilient (AC +3).
You are immune to poison.
You resist negative energy.
You are resistant to electric shocks.
You can survive without breathing.
You are immune to petrification.
You are immune to rotting.


Message History

The worm misses you.
You hit the worm but do no damage.
The worm is heavily wounded.
You barely miss the worm.
The worm is heavily wounded.
The worm bites you.
You hit the worm.
The worm is severely wounded.
You hit the worm.
The worm is almost dead.
The worm bites you!
* * * LOW HITPOINT WARNING * * *
You are too injured to fight recklessly!
You are too injured to fight recklessly!
Use which ability?
A red film seems to cover your vision as you go berserk!
You feel yourself moving faster!
You feel mighty!
You are feeling hungry.
The worm bites you.
You die...

.# ###.# #.##. .######.
########...###.##. ........
#..............##. .######.
#.#####.....#####. .# #.#
#..#........ .####### #.#
#..##.#####. .......#.# #.#
#.........#. ######.#.#
#.#####...#####.#. #.#.#
#@........#####.#. ##.#.#
#w.#####..##......
#.[..#######..#####..##.##.#.
#...............>....##.##.#.
####..........##.######.......#.
#.........### .# #.###.....
#...........# .# #.# #.####
#.........#.# .# #.# #.#
##.#...##..... ..# #<#


You could see a worm.

Vanquished Creatures
  An adder (D:2)
  An ooze (D:1)
  4 bats
  4 goblins (D:1)
  5 hobgoblins
  2 kobolds
  2 giant cockroaches (D:2)
  3 giant newts
  3 rats
25 creatures vanquished.

Notes
Turn   | Place    | Note
--------------------------------------------------------------
     0 | D:1      | tp1 the Gargoyle Berserker began the quest for the Orb.
     0 | D:1      | Reached XP level 1. HP: 14/14 MP: 1/1
   170 | D:1      | Reached XP level 2. HP: 17/19 MP: 2/2
   183 | D:1      | Reached skill level 1 in Maces & Flails
   699 | D:2      | Reached XP level 3. HP: 3/23 MP: 3/3
   996 | D:2      | Acquired Trog's second power
  1287 | D:2      | HP: 1/23 [worm (10)]
  1288 | D:2      | Slain by a worm

Vault maps used:
D:1:      lightli_arrival_quake
D:2:      first_bread

Action                   || total
-------------------------++-------
Melee: Mace              ||    27
       Whip              ||    90
Invok: Berserk           ||     1
  Eat: Chunk             ||     1
